 Dungeon Crawl Stone Soup version 0.31-a0-233-g139696dc86 (webtiles) character file.

Game seed: 15598154266860215504

908 qw the Skirmisher (level 7, -1/67 HPs)
             Began as a Minotaur Hexslinger on July 8, 2023.
             Was an Initiate of Okawaru.
             Slain by Duvessa
             ... wielding a +0 short sword of speed
              (9 damage)
             ... on level 6 of the Dungeon.
             The game lasted 00:01:29 (3508 turns).

qw the Skirmisher (Minotaur Hexslinger)             Turns: 3508, Time: 00:01:30

Health: -1/67      AC: 11    Str: 17    XL:     7   Next: 81%
Magic:  7/7        EV: 12    Int:  9    God:    Okawaru [......]
Gold:   360        SH:  0    Dex: 16    Spells: 7/8 levels left

rFire   . . .        Y - +0 arbalest (freeze)
rCold   . . .        (shield currently unavailable)
rNeg    + . .        b - +2 ring mail {Will+}
rPois   +            (helmet restricted)
rElec   .            d - +2 ratskin cloak {*Rats rPois rN+ Str-1 Int-1 Dex+1}
rCorr   +            (no gloves)
SInv    .            k - +0 pair of boots
Will    +....        (no amulet)
Stlth   +            i - ring of resist corrosion
HPRegen 0.31/turn    e - +6 ring of strength
MPRegen 0.10/turn

%: no passive effects
@: no status effects
A: horns 2, retaliatory headbutt, poison resistance, robust 1
a: Renounce Religion


You were on level 6 of the Dungeon.
You worshipped Okawaru.
Okawaru was noncommittal.
You visited 2 branches of the dungeon, and saw 7 of its levels.

You collected 360 gold pieces.


Innate Abilities, Weirdness & Mutations

You have a pair of horns on your head.
You reflexively headbutt those who attack you in melee.
Your system is resistant to poisons. (rPois)
You are robust. (+10% HP)


   Skills:
 - Level 5.0 Fighting
 - Level 8.2 Ranged Weapons
 - Level 2.8 Armour
 + Level 2.8 Dodging
 - Level 1.0 Spellcasting
 - Level 2.0 Hexes


You had 7 spell levels left.
You knew the following spells:

 Your Spells              Type           Power      Damage    Failure   Level
a - Slow                  Hex            16%        N/A       28%         1

Your spell library contained the following spells:

 Spells                   Type           Power      Damage    Failure   Level
 Inner Flame              Hex/Fire       2%         N/A       78%         3
 Portal Projectile        Hex/Tloc       4%         N/A       78%         3
 Cause Fear               Hex            2%         N/A       96%         4

Inventory:

Hand Weapons
 Y - a +0 arbalest of freezing (weapon)
Armour
 b - a +2 ring mail of willpower (worn)
 d - the +2 ratskin cloak (worn) {*Rats rPois rN+ Str-1 Int-1 Dex+1}
   (You found it on level 4 of the Dungeon)

   *Rats:     When the wearer is hurt, rats may emerge from it to assist them.
   Str:       It affects your strength (-1).
   Int:       It affects your intelligence (-1).
   Dex:       It affects your dexterity (+1).
   rPois:     It protects you from poison.
   rN:        It protects you from negative energy.
 k - a +0 pair of boots (worn)
Jewellery
 e - a +6 ring of strength (right hand)
 i - a ring of resist corrosion (left hand)
Scrolls
 h - a scroll of noise {unknown}
 n - a scroll of identify
Potions
 a - a potion of cancellation
 c - a potion of heal wounds
 f - a potion of enlightenment
 g - 2 potions of mutation
 j - a potion of degeneration {unknown}
 l - 4 potions of curing
 m - a potion of brilliance {unknown}
 o - a potion of haste {unknown}

Dungeon Overview and Level Annotations

Branches:
Dungeon (6/15)             Temple (1/1) D:5

Altars:
Ashenzari
Cheibriados
Dithmenos
Fedhas
Gozag
Hepliaklqana
Makhleb
Nemelex Xobeh
Okawaru
Qazlal
Ru
Sif Muna
Trog
Vehumet
Wu Jian
Xom
Yredelemnul
Zin

Annotations:
D:6 Duvessa


Message History

You shoot a bolt. The bolt hits the scorpion!
The bolt freezes the scorpion.
You kill the scorpion!
Okawaru accepts your kill.
h - a scroll labelled TOUS DOCOCSAED A white imp comes into view.
The white imp shouts, "Give up, thou impertinent ill-nurtured cattle!"
You shoot a bolt. The bolt hits the white imp!
You kill the white imp!
Okawaru accepts your kill.
Your Fighting skill increases to level 5!
Dowan, Brother of Duvessa comes into view.
He is wielding a +0 dagger.
You shoot a bolt. The bolt barely misses Dowan.
Dowan shouts!
Dowan says, "My weaknesses are her strengths!"
You shoot a bolt. The bolt barely misses Dowan.
You shoot a bolt. The bolt hits Dowan!
The bolt freezes Dowan.
You kill Dowan!
Okawaru accepts your kill.
You hear a distant scream of rage.
Duvessa, Sister of Dowan comes into view.
She is wielding a +0 short sword of speed.
You shoot a bolt. The bolt barely misses Duvessa.
Duvessa shouts!
Duvessa goes berserk!
You shoot a bolt. The bolt hits Duvessa.
The bolt freezes Duvessa.
Duvessa is lightly wounded.
Duvessa misses you.
Duvessa hits you with a +0 short sword of speed.
You shoot a bolt. The bolt barely misses Duvessa.
Duvessa hits you with a +0 short sword of speed! x3
Duvessa misses you. You furiously retaliate!
You headbutt Duvessa. You shoot a bolt. The bolt hits Duvessa.
The bolt freezes Duvessa.
Duvessa is moderately wounded.
Duvessa completely misses you.
Duvessa hits you with a +0 short sword of speed!
Duvessa hits you but does no damage.
You shoot a bolt. The bolt hits Duvessa!
The bolt freezes Duvessa.
Duvessa is heavily wounded.
Duvessa misses you.
Duvessa hits you with a +0 short sword of speed! x2
You die... ##.##...# #..<..# ####..##.### #..........# 7777

#.##.........
7..7##.##..##.#.###
7....#.##..# .# ..#.
7._........##$#.....
7....#......@.......
7..7.........e......
7777##..#....)......
#..#.##........
#..#.#####....#
#..#.# ....# .......
...# ......... .#.#
######.###


You could see Duvessa (berserk).

Vanquished Creatures
  A black bear (D:4)
  A centaur (D:5)
  4 scorpions
  Dowan (D:6)
  A jelly (D:5)
  An iguana (D:4)
  Jessica (D:3)
  2 orc wizards
  4 gnolls (D:5)
  6 adders
  2 white imps
  An ufetubus (D:5)
  3 worms
  5 dart slugs
  6 orcs
  7 bats
  5 endoplasms
  6 giant cockroaches
  5 goblins
  11 hobgoblins
  3 quokkas
  5 ball pythons
  A frilled lizard (D:1)
  10 kobolds
  8 rats
100 creatures vanquished.

Vanquished Creatures (collateral kills)
  An ice beast (D:5)
1 creature vanquished.

Grand Total: 101 creatures vanquished

Notes
Turn   | Place    | Note
-------+----------+-------------------------------------------
     0 | D:1      | qw the Minotaur Hexslinger began the quest for the Orb.
     0 | D:1      | Reached XP level 1. HP: 16/16 MP: 1/1
     0 | D:1      | 0 ||| qw: Version: 0.3-a-46-gb1f654a
     0 | D:1      | 0 ||| qw: Game counter: 3653
     0 | D:1      | 0 ||| qw: Melee chars always use a shield: true
     0 | D:1      | 0 ||| qw: God list: Okawaru
     0 | D:1      | 0 ||| qw: Allow faded altars: false
     0 | D:1      | 0 ||| qw: Do Orc after clearing Dungeon:15 true
     0 | D:1      | 0 ||| qw: Do second Lair branch before Depths: true
     0 | D:1      | 0 ||| qw: Lair rune preference: random
     0 | D:1      | 0 ||| qw: Goals: Normal
     0 | D:1      | 0 ||| PLANNING D:1-11
    91 | D:1      | 91 ||| Stepping ~*~*~tactically~*~*~ (outnumbered).
    94 | D:1      | Reached skill level 3 in Ranged Weapons
    94 | D:1      | Reached XP level 2. HP: 23/23 MP: 2/2
    94 | D:1      | 94 ||| Stepping ~*~*~tactically~*~*~ (outnumbered).
   450 | D:1      | 450 ||| UPGRADING to +0 ring mail.
   460 | D:1      | 460 ||| DROPPING +0 robe.
   461 | D:1      | 461 ||| UPGRADING to +0 pair of boots.
   466 | D:1      | 466 ||| READING scroll labelled EDOOFA SOEWOB.
   467 | D:1      | 467 ||| READING scroll labelled IXTELA HUDAT.
   468 | D:1      | 468 ||| READING scroll labelled KUEHITUEHE.
   469 | D:1      | 469 ||| DRINKING 2 smoky cyan potions.
   469 | D:1      | Gained mutation: Your system is resistant to poisons.
                  | (rPois) [potion of mutation]
   469 | D:1      | Gained mutation: You are robust. (+10% HP) [potion of
                  | mutation]
   474 | D:1      | 474 ||| DROPPING scroll of poison.
   574 | D:2      | 574 ||| SWAPPING to +0 arbalest.
   576 | D:2      | 576 ||| DROPPING +1 sling.
   586 | D:2      | Reached XP level 3. HP: 31/31 MP: 3/3
   729 | D:2      | Reached skill level 4 in Ranged Weapons
   764 | D:2      | Reached skill level 1 in Armour
   921 | D:2      | Found a snail-covered altar of Cheibriados.
   979 | D:2      | Reached XP level 4. HP: 39/39 MP: 4/4
  1206 | D:2      | 1206 ||| UPGRADING to +2 ring mail of willpower.
  1216 | D:2      | 1216 ||| DROPPING +0 ring mail.
  1217 | D:2      | 1217 ||| UPGRADING to ring of resist corrosion.
  1218 | D:2      | 1218 ||| READING scroll labelled COLO DENNUENK.
  1219 | D:2      | 1219 ||| DRINKING 2 smoky pink potions.
  1298 | D:3      | Noticed Jessica
  1300 | D:3      | Killed Jessica
  1346 | D:3      | Reached skill level 5 in Ranged Weapons
  1356 | D:3      | Found a faded altar of an unknown god.
  1538 | D:3      | Reached XP level 5. HP: 40/45 MP: 5/5
  1628 | D:3      | Found a blossoming altar of Fedhas.
  1710 | D:3      | Identified the +1 robe of the Nightingale {Str+3}
  1811 | D:3      | 1811 ||| DROPPING +1 robe of the Nightingale {Str+3}.
  1812 | D:3      | 1812 ||| READING scroll labelled CYAVISHR MELOK.
  1817 | D:3      | 1817 ||| READING scroll labelled KARRED WYETOLU.
  1818 | D:3      | 1818 ||| READING 3 scrolls of identify.
  1818 | D:3      | 1818 ||| IDENTIFYING pink potion
  1819 | D:3      | 1819 ||| READING 2 scrolls of identify.
  1819 | D:3      | 1819 ||| IDENTIFYING glowing orange potion
  1921 | D:4      | Reached skill level 3 in Fighting
  2017 | D:4      | Found the +2 ratskin cloak {*Rats rPois rN+ Str-1 Int-1
                  | Dex+1}
  2343 | D:4      | Noticed a black bear
  2348 | D:4      | Killed a black bear
  2349 | D:4      | Reached skill level 6 in Ranged Weapons
  2349 | D:4      | Reached XP level 6. HP: 49/56 MP: 6/6
  2516 | D:4      | 2516 ||| UPGRADING to +2 ratskin cloak {*Rats rPois rN+
                  | Str-1 Int-1 Dex+1}.
  2521 | D:4      | 2521 ||| UPGRADING to +6 ring of strength.
  2522 | D:4      | 2522 ||| READING 2 scrolls of identify.
  2522 | D:4      | 2522 ||| IDENTIFYING silvery potion
  2528 | D:5      | Entered Level 5 of the Dungeon
  2531 | D:5      | 2531 ||| STAIRDANCE
  2584 | D:5      | 2584 ||| STAIRDANCE
  2628 | D:5      | Noticed an ice beast
  2639 | D:5      | Killed an ice beast
  2640 | D:5      | Reached skill level 7 in Ranged Weapons
  2640 | D:5      | Reached XP level 7. HP: 52/64 MP: 7/7
  2730 | D:5      | 2730 ||| FLEEEEING.
  2731 | D:5      | 2731 ||| FLEEEEING.
  2732 | D:5      | 2732 ||| FLEEEEING.
  2733 | D:5      | 2733 ||| FLEEEEING.
  2734 | D:5      | 2734 ||| FLEEEEING.
  2735 | D:5      | 2735 ||| FLEEEEING.
  2736 | D:5      | 2736 ||| FLEEEEING.
  2737 | D:5      | 2737 ||| FLEEEEING.
  2738 | D:5      | 2738 ||| FLEEEEING.
  2739 | D:5      | 2739 ||| FLEEEEING.
  2740 | D:5      | 2740 ||| FLEEEEING.
  2741 | D:5      | 2741 ||| FLEEEEING.
  2742 | D:5      | 2742 ||| FLEEEEING.
  2743 | D:5      | 2743 ||| FLEEEEING.
  2744 | D:5      | 2744 ||| FLEEEEING.
  2745 | D:5      | 2745 ||| FLEEEEING.
  2746 | D:5      | 2746 ||| STAIRDANCE
  2920 | D:5      | Found a staircase to the Ecumenical Temple.
  2921 | D:5      | 2921 ||| PLANNING TEMPLE
  2930 | Temple   | Entered the Ecumenical Temple
  2992 | Temple   | 2992 ||| PLANNING OKAWARU WORSHIP
  3142 | Temple   | Became a worshipper of Warmaster Okawaru
  3143 | Temple   | 3143 ||| PLANNING D:1-11
  3196 | D:5      | Reached skill level 8 in Ranged Weapons
  3433 | D:5      | 3433 ||| READING 2 scrolls of identify.
  3433 | D:5      | 3433 ||| IDENTIFYING clear potion
  3434 | D:5      | 3434 ||| DROPPING potion of invisibility.
  3475 | D:6      | Found a shimmering blue altar of Sif Muna.
  3500 | D:6      | Noticed Dowan
  3503 | D:6      | Killed Dowan
  3503 | D:6      | Noticed Duvessa
  3508 | D:6      | HP: 8/67 [Duvessa/+0 short sword of speed (12)]
  3508 | D:6      | Slain by Duvessa

Levels and vault maps discovered:
D:1:      matt_arrival_refuge, layout_basic, minmay_pentomino_z4
D:2:      layout_loops_cross, basic_altar
D:3:      layout_basic, fedhas_ov_isle_minmay, chequers_ecumenical_altar_island,
          uniq_jessica
D:4:      layout_basic
D:5:      layout_rooms, minmay_temple_entry_wispy, minmay_manual_monolith
D:6:      layout_loops_ring, nicolae_uskayaw_en_pointe,
          mainiacjoe_overflow_alcove_1, kennysheep_generic_room_14,
          uniq_duvessa, uniq_grinder, uniq_edmund
Temple:   regret_index_temple_sphere_string

Skill      XL: |  1  2  3  4  5  6  7 |
---------------+----------------------+-----
Ranged Weapons | 3 4 5 6 7 8 |  8.2
Fighting       | 2 3 4 5 |  5.0
Armour         | 1 2 |  2.8
Dodging        | |  2.8
Spellcasting   | |  1.0
Hexes          | |  2.0

Action                     |  1- 3 |  4- 6 |  7- 9 || total
---------------------------+-------+-------+-------++-------
   Fire: Sling             |    67 |       |       ||    67
         Arbalest          |    47 |   117 |    40 ||   204
    Use: Scroll            |     3 |     6 |     1 ||    10
         Potion            |     1 |     1 |       ||     2
 Armour: Robe              |     5 |       |       ||     5
         Ring mail         |    11 |    26 |     9 ||    46
  Dodge: Dodged            |    36 |    53 |    10 ||    99

Table legend:
 A = Non-vault XP
 B = Vault XP
 C = Vault XP percentage of total XP
 D = Non-vault monster count
 E = Vault monster count
 F = Vault count percentage of total count
                 A         B        C        D         E       F
            +---------+---------+-------+---------+---------+-------
      Total |    1020 |     278 |  21.4 |      92 |       9 |   8.9
            +---------+---------+-------+---------+---------+-------
        D:1 |      27 |       6 |  18.2 |      17 |       3 |  15.0
        D:2 |      64 |       0 |   0.0 |      21 |       0 |   0.0
        D:3 |      86 |      37 |  30.1 |      19 |       1 |   5.0
        D:4 |     245 |       0 |   0.0 |      20 |       0 |   0.0
        D:5 |     499 |     172 |  25.6 |      13 |       4 |  23.5
        D:6 |      99 |      63 |  38.9 |       2 |       1 |  33.3
            +---------+---------+-------+---------+---------+-------
